[Event "Titled Tuesday Blitz June 21 Late 2022"]
[White "Tymrakiewicz, Rafal"]
[Black "Holt, Conrad"]
[WhiteFideId "1108832"]
[BlackFideId "2034387"]
[WhiteElo "2205"]
[BlackElo "2586"]
[Result "0-1"]
[Round "01"]
[TimeControl "180+1"]
[Date "2022.06.21"]
[WhiteClock "0:00:03"]
[BlackClock "0:00:11"]

1. d4 d5 2. Bg5 h6 3. Bf4 c5 4. e3 Nc6 5. c3 Bf5 6. Qb3 Qd7 7. Nf3 c4 8. Qd1 e6 9. Nbd2 b5 10. h3 Nf6 11. g4 Bg6 12. Bg2 Ne4 13. Ne5 Nxe5 14. Bxe5 h5 15. Nxe4 dxe4 16. a4 b4 17. g5 Rc8 18. a5 b3 19. a6 Qb5 20. Qb1 Qd5 21. Ra4 Be7 22. h4 f6 23. gxf6 gxf6 24. Bg3 Rg8 25. Qa1 Bd8 26. Rb4 Bb6 27. Qa4+ Ke7 28. Qb5 Be8 29. Qxd5 exd5 30. Bh3 Bd7 31. Bxd7 Kxd7 32. Bf4 Rc6 33. Ke2 Ke6 34. Ra1 Rg4 35. Bg3 Rc8 36. Rxb6+ axb6 37. a7 Ra8 38. Bb8 Rg8 39. Ra6 Rgxb8 40. axb8=Q Rxb8 41. Ra7 Kf5 42. Rh7 Kg4 43. Rh6 Rf8 44. f3+ exf3+ 45. Kf2 Kxh4 46. Kxf3 Kg5 47. Rh7 Ra8 48. e4 Ra2 49. exd5 Rxb2 50. d6 Ra2 0-1


[Site "https://www.chess.com"]

[Event "Titled Tuesday Blitz June 21 Late 2022"]
[White "Urbina Perez, Juan Antonio"]
[Black "Alexiadis, Hristos"]
[WhiteFideId "2217368"]
[BlackFideId "4249623"]
[WhiteElo "2192"]
[BlackElo "2416"]
[Result "0-1"]
[Round "01"]
[TimeControl "180+1"]
[Date "2022.06.22"]
[WhiteClock "0:01:06"]
[BlackClock "0:01:24"]

1. e4 c5 2. Nf3 d6 3. Bb5+ Nd7 4. d4 cxd4 5. Qxd4 a6 6. Bxd7+ Bxd7 7. Nc3 Rc8 8. O-O e5 9. Qd3 h6 10. Nd2 Nf6 11. Nc4 Be6 12. Ne3 Be7 13. a4 O-O 14. Rd1 Qa5 15. Bd2 Qb6 16. b3 Rc5 17. Rac1 Rfc8 18. Ncd5 Nxd5 19. Nxd5 Bxd5 20. exd5 Bg5 21. Bxg5 hxg5 22. c4 g6 23. Qe3 Kg7 24. Rd3 Qd8 25. Rdc3 a5 26. Re1 f5 27. g3 g4 28. h3 gxh3 29. f4 e4 30. Qd4+ Qf6 31. Qxf6+ Kxf6 32. Kh2 Rxd5 33. Rce3 Rd2+ 34. R1e2 Rxe2+ 35. Rxe2 Ke6 36. Kxh3 d5 37. cxd5+ Kxd5 38. Kh4 Rc3 39. g4 Rxb3 40. gxf5 gxf5 41. Kg5 e3 42. Kxf5 Kd4 43. Ke6 Kd3 44. Rh2 e2 45. Rh3+ Kc2 46. Rh1 Rb1 47. Rh2 Kd1 48. Rxe2 Kxe2 49. f5 b5 50. f6 bxa4 51. f7 Rf1 0-1


[Site "https://www.chess.com"]

[Event "Titled Tuesday Blitz June 21 Late 2022"]
[White "Vasquez Schroeder, Rodrigo"]
[Black "Mikhalsky, Vladimir"]
[WhiteFideId "3400042"]
[BlackFideId "14144352"]
[WhiteElo "2807"]
[BlackElo "2457"]
[Result "1-0"]
[Round "01"]
[TimeControl "180+1"]
[Date "2022.06.22"]
[WhiteClock "0:00:36"]
[BlackClock "0:00:10"]

1. e4 g6 2. d4 Bg7 3. Nf3 d6 4. Bc4 Nf6 5. Qe2 O-O 6. e5 dxe5 7. dxe5 Nd5 8. h3 Nc6 9. O-O Nb6 10. Bb3 Nd4 11. Nxd4 Qxd4 12. Re1 Bf5 13. Nd2 a5 14. Nf3 Qc5 15. a4 Rad8 16. Be3 Qc6 17. Bg5 Rfe8 18. Rad1 Qc5 19. e6 fxe6 20. Bxe6+ Kh8 21. Rxd8 Rxd8 22. Bxf5 Qxf5 23. Qxe7 Rc8 24. b3 Nd5 25. Qe8+ Rxe8 26. Rxe8+ Qf8 27. Rxf8+ Bxf8 28. Bd2 Kg8 29. Bxa5 b6 30. Bd2 Bg7 31. Kf1 h6 32. Ke2 Kf7 33. c4 Ne7 34. Bf4 c6 35. Be5 Bf8 36. Bc7 Nc8 37. Ne5+ Ke6 38. Nxg6 Bg7 39. Nf4+ Kd7 40. Bb8 Nd6 41. Bxd6 Kxd6 42. Nd3 Bf8 43. g4 Ke6 44. f4 Kf6 45. Kf3 Bd6 46. Ke4 Ke6 47. c5 bxc5 48. Nb2 Bc7 49. Nc4 Bd8 50. a5 Bc7 51. a6 Bb8 52. f5+ Kf6 53. Na5 1-0


[Site "https://www.chess.com"]

[Event "Titled Tuesday Blitz June 21 Late 2022"]
[White "Veiga, Jose Francisco R P Neves"]
[Black "Mendonca, Leon Luke"]
[WhiteFideId "1930087"]
[BlackFideId "35028561"]
[WhiteElo "2447"]
[BlackElo "2776"]
[Result "1/2-1/2"]
[Round "01"]
[TimeControl "180+1"]
[Date "2022.06.22"]
[WhiteClock "0:00:19"]
[BlackClock "0:00:13"]

1. Nf3 Nf6 2. c4 b6 3. b3 Bb7 4. g3 e6 5. Bg2 Be7 6. O-O O-O 7. Bb2 d5 8. cxd5 exd5 9. d4 Re8 10. Nc3 Nbd7 11. Rc1 a6 12. Ne5 Bd6 13. Nd3 Ne4 14. e3 Ndf6 15. Ne2 h5 16. h4 Bf8 17. Nef4 g6 18. Ne5 Bd6 19. Qc2 Rc8 20. f3 Nxg3 21. Nfxg6 c5 22. Qd3 cxd4 23. exd4 Nxf1 24. Rxf1 Rc7 25. Nf4 Kh8 26. Qf5 Rg8 27. Nxh5 Nxh5 28. Qxh5+ Kg7 29. Bc1 Rh8 30. Qg4+ Kf8 31. Bg5 Qc8 32. Qf4 Qe6 33. Kh2 Bc8 34. Re1 Rc2 35. Kg1 Kg8 36. Bf6 Rh7 37. Qg5+ Kf8 38. Ng6+ fxg6 39. Rxe6 Bxe6 40. Qxg6 Rf7 41. Qxc2 Rxf6 42. Qc6 Ke7 43. Qxb6 Bf5 44. Qa7+ Ke6 45. Kf2 Rg6 46. h5 Rg5 47. Qxa6 Rxh5 48. Qe2+ Kd7 49. Qb5+ Ke6 50. f4 Rh4 51. Qxd5+ Ke7 52. Qxf5 Rxf4+ 53. Qxf4 Bxf4 54. Kf3 Bc1 55. Ke4 Kd6 56. Kd3 Ba3 57. Kc4 Kc7 58. b4 Kb6 59. b5 Bd6 60. Bc6 Ka5 61. Kd5 Ba3 62. Ke6 Kb6 63. d5 Kc7 64. Ke5 Bd6+ 65. Kd4 Ba3 66. Kc4 Kb6 67. Kb3 Bd6 68. a4 Ka5 69. Kc4 Kxa4 70. b6+ Ka5 71. b7 Kb6 72. Kd4 Kc7 73. Ke4 Ba3 74. Kf5 Bb4 75. Ke6 Ba3 76. Kf7 Bb4 77. Ke8 Ba3 78. Kf7 Bb4 79. Ke6 Ba3 80. Kf7 1/2-1/2


[Site "https://www.chess.com"]

[Event "Titled Tuesday Blitz June 21 Late 2022"]
[White "Vujic, Mihailo"]
[Black "Kosakowski, Jakub"]
[WhiteFideId "918873"]
[BlackFideId "1185080"]
[WhiteElo "2256"]
[BlackElo "2476"]
[Result "0-1"]
[Round "01"]
[TimeControl "180+1"]
[Date "2022.06.21"]
[WhiteClock "0:00:50"]
[BlackClock "0:02:27"]

1. e4 e5 2. Nf3 Nc6 3. d4 exd4 4. Bc4 Nf6 5. O-O Nxe4 6. Re1 d5 7. Bxd5 Qxd5 8. Nc3 Qh5 9. Nxe4 Be6 10. Bg5 Bd6 11. Nxd6+ cxd6 12. Bf4 Qd5 13. c3 Qf5 14. Bg3 dxc3 15. Qxd6 cxb2 16. Rad1 Rd8 17. Nh4 Rxd6 18. Nxf5 Rxd1 19. Rxd1 Bxf5 0-1


[Site "https://www.chess.com"]

[Event "Titled Tuesday Blitz June 21 Late 2022"]
[White "Wachinger, Guenther"]
[Black "Dardha, Daniel"]
[WhiteFideId "4604261"]
[BlackFideId "240990"]
[WhiteElo "2430"]
[BlackElo "2737"]
[Result "0-1"]
[Round "01"]
[TimeControl "180+1"]
[Date "2022.06.22"]
[WhiteClock "0:00:01"]
[BlackClock "0:00:08"]

1. e4 e5 2. Nf3 Nf6 3. Nc3 d5 4. exd5 e4 5. Qe2 Bd6 6. Nxe4 O-O 7. Nxf6+ Qxf6 8. d3 Na6 9. c3 Bf5 10. Be3 Rfe8 11. O-O-O Nc5 12. Qd2 Na4 13. d4 a6 14. Bd3 Bxd3 15. Qxd3 b5 16. Rhe1 h6 17. Nd2 Nb6 18. Ne4 Qg6 19. Nxd6 Qxd6 20. g3 Qxd5 21. Kb1 a5 22. Bf4 c6 23. Re5 Rxe5 24. dxe5 Qg2 25. e6 fxe6 26. Qe3 Nc4 27. Qxe6+ Kh7 28. Qf5+ Kh8 29. Bc1 Re8 30. b3 Nb6 31. Be3 Nd5 32. Bd4 Qe4+ 33. Qxe4 Rxe4 34. Kc2 Kg8 35. Kd3 Re6 36. Kd2 Kf7 37. Re1 Rd6 38. Kc2 Rd7 39. f4 Ne7 40. a3 Nf5 41. Bc5 h5 42. b4 a4 43. Re5 g6 44. Re2 Ng7 45. Bd4 Ne6 46. Be5 c5 47. Rd2 Rxd2+ 48. Kxd2 Ke7 49. Ke3 Kd7 50. Ke4 Kc6 51. h3 Nf8 52. g4 hxg4 53. hxg4 Nd7 54. f5 gxf5+ 55. gxf5 cxb4 56. cxb4 Nb6 57. f6 Kd7 58. Kf5 Nc4 59. Bd4 Nd6+ 0-1


[Site "https://www.chess.com"]

[Event "Titled Tuesday Blitz June 21 Late 2022"]
[White "Wagner, Dennis"]
[Black "Melikhov, Evgeny V."]
[WhiteFideId "24650684"]
[BlackFideId "4122046"]
[WhiteElo "2355"]
[BlackElo "1904"]
[Result "1-0"]
[Round "01"]
[TimeControl "180+1"]
[Date "2022.06.22"]
[WhiteClock "0:00:55"]
[BlackClock "0:01:06"]

1. e4 e5 2. Nf3 Nc6 3. Bc4 Nf6 4. d3 Be7 5. O-O d6 6. a4 a5 7. Nc3 O-O 8. h3 Be6 9. Bxe6 fxe6 10. Re1 Qd7 11. Ne2 Bd8 12. Ng3 Ne7 13. c3 c6 14. d4 exd4 15. cxd4 Ng6 16. Ra3 Kh8 17. h4 e5 18. h5 Nf4 19. dxe5 dxe5 20. Nxe5 Qxd1 21. Rxd1 N6xh5 22. Nxh5 Nxh5 23. Rh3 g6 24. Rd7 Bf6 25. Nf7+ Kg8 26. Nh6+ Kh8 27. g4 Rad8 28. Rxd8 Bxd8 29. gxh5 Kg7 30. hxg6 hxg6 31. Ng4 Bb6 32. Bh6+ 1-0


[Site "https://www.chess.com"]

[Event "Titled Tuesday Blitz June 21 Late 2022"]
[White "Wartiovaara, Oliver"]
[Black "Christiansen, Johan-Sebastian"]
[WhiteFideId "513024"]
[BlackFideId "1512668"]
[WhiteElo "1971"]
[BlackElo "2513"]
[Result "0-1"]
[Round "01"]
[TimeControl "180+1"]
[Date "2022.06.22"]
[WhiteClock "0:00:45"]
[BlackClock "0:02:12"]

1. e4 e5 2. f4 Nc6 3. Nf3 exf4 4. d4 Nf6 5. d5 Ne7 6. Nc3 Ng6 7. Bb5 Bc5 8. Nd4 c6 9. Be2 O-O 10. Nb3 Bb6 11. d6 a5 12. a4 Re8 13. Bf3 Nd5 14. Nxd5 cxd5 15. Qxd5 Qh4+ 16. g3 fxg3 0-1


[Site "https://www.chess.com"]

[Event "Titled Tuesday Blitz June 21 Late 2022"]
[White "Winkels, Marcel"]
[Black "Pinheiro, Iung Alicio de O."]
[WhiteFideId "1003887"]
[BlackFideId "2104350"]
[WhiteElo "1900"]
[BlackElo "2283"]
[Result "0-1"]
[Round "01"]
[TimeControl "180+1"]
[Date "2022.06.22"]
[WhiteClock "0:01:32"]
[BlackClock "0:01:57"]

1. e4 c5 2. Nf3 Nc6 3. Bb5 e6 4. Bxc6 bxc6 5. O-O Ne7 6. d3 Ng6 7. Be3 Qc7 8. c4 Rb8 9. Qd2 Be7 10. Nc3 O-O 11. Rad1 e5 12. h3 d6 13. Nh2 f5 14. exf5 Bxf5 15. Ne4 Qd7 16. Ng3 Bxh3 17. gxh3 Qxh3 18. Kh1 Nh4 19. Rg1 Nf3 0-1


[Site "https://www.chess.com"]

[Event "Titled Tuesday Blitz June 21 Late 2022"]
[White "Xiong, Jeffery"]
[Black "Zhurbinsky, David"]
[WhiteFideId "2047640"]
[BlackFideId "2072904"]
[WhiteElo "2714"]
[BlackElo "2541"]
[Result "1-0"]
[Round "01"]
[TimeControl "180+1"]
[Date "2022.06.21"]
[WhiteClock "0:01:19"]
[BlackClock "0:00:05"]

1. e4 e5 2. Nf3 Nc6 3. Nc3 Nf6 4. d4 exd4 5. Nxd4 Bb4 6. Nxc6 bxc6 7. Bd3 O-O 8. O-O d6 9. Bg5 h6 10. Bh4 Qe7 11. f4 Rb8 12. e5 dxe5 13. Ne4 Bc5+ 14. Kh1 Rd8 15. fxe5 Nxe4 16. Bxe7 Bxe7 17. Qh5 g6 18. Qe2 Ng5 19. b3 h5 20. Qe3 c5 21. Rad1 Bg4 22. Be2 Bf5 23. Rxd8+ Rxd8 24. Rd1 Re8 25. Bb5 Rb8 26. Bc4 Ne4 27. e6 Bg5 28. exf7+ Kf8 29. Qg1 Bh4 30. g3 Bg4 31. Rf1 Bf6 32. Rxf6 Nxf6 33. Qxc5+ Kg7 34. f8=Q+ Rxf8 35. Qe7+ Kh6 36. Qxf8+ Kg5 37. Qe7 1-0


[Site "https://www.chess.com"]

[Event "Titled Tuesday Blitz June 21 Late 2022"]
[White "Zakarian, David"]
[Black "Indjic, Aleksandar"]
[WhiteFideId "13301276"]
[BlackFideId "911925"]
[WhiteElo "2457"]
[BlackElo "2814"]
[Result "0-1"]
[Round "01"]
[TimeControl "180+1"]
[Date "2022.06.22"]
[WhiteClock "0:00:23"]
[BlackClock "0:00:20"]

1. d4 Nf6 2. Nf3 e6 3. c4 c5 4. d5 d6 5. Nc3 exd5 6. cxd5 g6 7. Bf4 Bg7 8. Qa4+ Bd7 9. Qb3 O-O 10. Bxd6 Ba4 11. Qxa4 Qxd6 12. e4 Nbd7 13. Be2 a6 14. O-O Rfe8 15. Qc2 b5 16. Nd2 Bh6 17. f3 Be3+ 18. Kh1 Nh5 19. Nd1 Bd4 20. Nf2 Ndf6 21. Nb3 Be5 22. Qxc5 Qb8 23. Ng4 Nxg4 24. fxg4 Nf6 25. Qe3 Bxh2 26. Rxf6 Be5 27. Rff1 Bxb2 28. Rab1 Be5 29. Qf3 Ra7 30. Nc5 Qd8 31. Nd3 Bb8 32. g3 Rd7 33. Kg2 Qa5 34. Rb2 Qc3 35. Rfb1 Qd4 36. e5 Qxd5 37. Qxd5 Rxd5 38. Nf4 Rdxe5 39. Bf3 Re3 40. Re2 Bxf4 41. Rxe3 Bxe3 42. Re1 Re7 43. Bc6 Kg7 44. Kf3 Bc5 45. Rxe7 Bxe7 46. Bb7 a5 47. Ba6 b4 48. Bc4 Bd6 49. Bb3 Kf6 50. Bc4 Ke7 51. Bb3 h6 52. Bc4 Be5 53. Bb3 g5 54. Bc4 f6 55. Bb3 Kd6 56. Bc4 Kc5 57. Bb3 Kd4 58. Be6 Kc3 59. Bb3 Kb2 60. Be6 a4 61. Bf7 b3 62. axb3 axb3 63. Bxb3 Kxb3 0-1


[Site "https://www.chess.com"]

[Event "Titled Tuesday Blitz June 21 Late 2022"]
[White "Zanette, Edgard Vinicius"]
[Black "Artemenko, Oleg"]
[WhiteFideId "2109263"]
[BlackFideId "14201798"]
[WhiteElo "2182"]
[BlackElo "2287"]
[Result "1-0"]
[Round "01"]
[TimeControl "180+1"]
[Date "2022.06.22"]
[WhiteClock "0:00:21"]
[BlackClock "0:01:39"]

1. e4 e6 2. d4 d5 3. Nc3 Nf6 4. Bg5 Be7 5. e5 Nfd7 6. h4 h6 7. Bxe7 Qxe7 8. Qg4 g6 9. O-O-O a6 10. f4 h5 11. Qg5 c5 12. Nf3 Nc6 13. Be2 b5 14. Qxe7+ Kxe7 15. dxc5 Nxc5 16. a3 Bb7 17. Nd4 Nxd4 18. Rxd4 Rac8 19. Bf3 Rhd8 20. Kb1 Ne4 21. Bxe4 dxe4 22. Rhd1 Rxd4 23. Rxd4 e3 24. Rd3 Bxg2 25. Rxe3 Rd8 26. Kc1 Bc6 27. Rd3 Rc8 28. Kd2 Bb7 29. Rd6 Rc4 30. Rb6 Bc8 31. Ke3 Kd8 32. Rd6+ Kc7 33. Rd4 Rc5 34. Rd2 Bb7 35. Rd4 Kc8 36. Rd6 g5 37. hxg5 h4 38. Rd2 h3 39. Ne4 Bxe4 40. Kxe4 Kb7 41. c3 Rc8 42. Rh2 Rh8 43. Kf3 Kc6 44. Kg4 Kd5 45. Rxh3 Rxh3 46. Kxh3 Kc4 47. Kg4 Kb3 48. f5 exf5+ 49. Kxf5 Kxb2 50. e6 fxe6+ 51. Kxe6 Kxc3 52. g6 a5 53. g7 b4 54. axb4 axb4 55. g8=Q b3 56. Qc8+ Kd2 57. Qd7+ Kc1 58. Qc6+ Kd2 59. Qd5+ Kc2 60. Qc4+ Kb2 61. Kd5 Ka1 62. Qf1+ Ka2 63. Qa6+ Kb1 64. Kc4 Kc2 65. Qa4 Kb1 66. Kc3 b2 67. Qa3 Kc1 68. Qxb2+ Kd1 69. Qd2# 1-0


[Site "https://www.chess.com"]

[Event "Titled Tuesday Blitz June 21 Late 2022"]
[White "Zhigalko, Sergei"]
[Black "Peatman, Carter"]
[WhiteFideId "13502956"]
[BlackFideId "2096480"]
[WhiteElo "2662"]
[BlackElo "2474"]
[Result "1-0"]
[Round "01"]
[TimeControl "180+1"]
[Date "2022.06.21"]
[WhiteClock "0:01:57"]
[BlackClock "0:00:03"]

1. e4 e5 2. Nf3 Nf6 3. d4 Nxe4 4. Bd3 Nc6 5. d5 Nd6 6. dxc6 e4 7. cxb7 Bxb7 8. Be2 exf3 9. Bxf3 Bxf3 10. Qxf3 Be7 11. O-O O-O 12. Nc3 Bg5 13. Rd1 Bxc1 14. Raxc1 Rb8 15. b3 Qg5 16. Nd5 Rbc8 17. Qg3 Qxg3 18. hxg3 Rfe8 19. Nxc7 Rxc7 20. Rxd6 Re2 21. a4 Kf8 22. Kf1 Re6 23. Rd2 Ke7 24. Re1 g6 25. g4 h6 26. f3 Rc5 27. Kf2 Rce5 28. Rh1 h5 29. gxh5 gxh5 30. Rhd1 Rf5 31. Rxd7+ Kf6 32. R7d5 Rfe5 33. Rxe5 Rxe5 34. Rd6+ Ke7 35. Ra6 Rc5 36. Rxa7+ Kf6 37. c4 h4 38. Ra6+ Kg7 39. Rb6 Re5 40. Rb5 Re6 41. a5 Ra6 42. b4 Rc6 43. c5 Ra6 44. Rb6 Ra7 45. a6 Kf8 46. b5 Ke7 47. Rb7+ Kd8 48. Rxa7 Kc8 49. Rxf7 1-0


[Site "https://www.chess.com"]

[Event "Titled Tuesday Blitz June 21 Late 2022"]
[White "Zhou, Qiyu"]
[Black "Yedidia, Daniel"]
[WhiteFideId "505161"]
[BlackFideId "30905907"]
[WhiteElo "1925"]
[BlackElo "2616"]
[Result "1-0"]
[Round "01"]
[TimeControl "180+1"]
[Date "2022.06.22"]
[WhiteClock "0:00:11"]
[BlackClock "0:01:04"]

1. e4 e5 2. Nf3 Nc6 3. Bb5 a6 4. Ba4 Nf6 5. O-O Be7 6. Re1 b5 7. Bb3 O-O 8. h3 d6 9. c3 Nb8 10. d4 Nbd7 11. Nbd2 Bb7 12. Bc2 c5 13. d5 c4 14. Nf1 Qc7 15. Ng3 g6 16. Bh6 Rfb8 17. Qd2 a5 18. Nf5 Qd8 19. N3h4 Bf8 20. Bxf8 Qxf8 21. Qg5 Kh8 22. Nh6 Nh5 23. g3 f6 24. Qe3 Nf4 25. Ng4 Nxh3+ 26. Kg2 Ng5 27. Nf3 Nxf3 28. Qxf3 Kg7 29. Rh1 h5 30. Ne3 Qf7 31. g4 hxg4 32. Qxg4 Rh8 33. Nf5+ Kg8 34. Rxh8+ Kxh8 35. Rh1+ Qh7 36. Rxh7+ Kxh7 37. Qh3+ Kg8 38. Ne7+ Kf7 39. Qxd7 1-0


[Site "https://www.chess.com"]

[Event "Titled Tuesday Blitz June 21 Late 2022"]
[White "Zhu, Jiner"]
[Black "Novikova, Galina"]
[WhiteFideId "8608059"]
[BlackFideId "4157095"]
[WhiteElo "2281"]
[BlackElo "1863"]
[Result "1-0"]
[Round "01"]
[TimeControl "180+1"]
[Date "2022.06.22"]
[WhiteClock "0:00:14"]
[BlackClock "0:00:34"]

1. e4 e6 2. d4 d5 3. Nc3 Bb4 4. exd5 exd5 5. Bd3 Nf6 6. Ne2 O-O 7. O-O c6 8. Ng3 Bg4 9. f3 Be6 10. Nce2 Nbd7 11. Nf4 Bd6 12. Re1 Re8 13. Nf5 Bxf5 14. Bxf5 Qc7 15. g3 Rxe1+ 16. Qxe1 Re8 17. Qf2 h6 18. c3 Nb6 19. b3 a5 20. a4 Qe7 21. Bd2 Qc7 22. Bd3 Nbd7 23. Kg2 Nf8 24. c4 Ne6 25. Nxe6 Rxe6 26. c5 Bf8 27. Re1 Rxe1 28. Qxe1 b6 29. b4 axb4 30. Bxb4 bxc5 31. dxc5 Nd7 32. Qe8 Ne5 33. Be2 d4 34. f4 Nd7 35. a5 Kh7 36. Qxf7 Qb7 37. Bd3+ Kh8 38. Bc4 Nf6 39. Qxb7 1-0


[Site "https://www.chess.com"]

[Event "Titled Tuesday Blitz June 21 Late 2022"]
[White "Zlatin, Alexander"]
[Black "Gardezi, Arsal"]
[WhiteFideId "2810549"]
[BlackFideId "30949521"]
[WhiteElo "2228"]
[BlackElo "1781"]
[Result "1-0"]
[Round "01"]
[TimeControl "180+1"]
[Date "2022.06.22"]
[WhiteClock "0:01:14"]
[BlackClock "0:00:51"]

1. d4 d5 2. Nc3 Nf6 3. Bf4 c5 4. e3 Nc6 5. Nb5 e5 6. dxe5 Nh5 7. Qxd5 Qa5+ 8. c3 Nxf4 9. exf4 Be6 10. Qe4 O-O-O 11. Nf3 h6 12. Bc4 Bxc4 13. Qxc4 a6 14. Na3 Be7 15. O-O g5 16. Qxf7 gxf4 17. Qxf4 Rdf8 18. Qe4 Qc7 19. Rad1 Rhg8 20. Nc4 Rd8 21. g3 h5 22. Nd6+ Bxd6 23. exd6 Rxd6 24. Qf5+ Kb8 25. Qxc5 Rf6 26. Nd4 h4 27. Nxc6+ Rxc6 28. Qd5 hxg3 29. Qxg8+ 1-0


[Site "https://www.chess.com"]

[Event "Titled Tuesday Blitz June 21 Late 2022"]
[White "Abarca Gonzalez, Nicolas"]
[Black "Florescu, Codrut-Constantin"]
[WhiteFideId "3409422"]
[BlackFideId "1202200"]
[WhiteElo "2504"]
[BlackElo "2191"]
[Result "1-0"]
[Round "02"]
[TimeControl "180+1"]
[Date "2022.06.22"]
[WhiteClock "0:01:05"]
[BlackClock "0:00:51"]

1. e4 c5 2. Nf3 e6 3. b3 a6 4. Bb2 Nc6 5. g3 d5 6. exd5 exd5 7. Bg2 Nf6 8. O-O Be7 9. d4 cxd4 10. Nxd4 O-O 11. Nd2 Bg4 12. Nxc6 bxc6 13. Nf3 Ne4 14. h3 Bh5 15. g4 Bg6 16. Ne5 Qb6 17. Nd7 Qa7 18. Nxf8 Rxf8 19. c4 Bc5 20. Qe2 f5 21. cxd5 cxd5 22. Rac1 fxg4 23. Rxc5 Qxc5 24. hxg4 h6 25. Qe3 Qxe3 26. fxe3 Rc8 27. Rc1 Rxc1+ 28. Bxc1 Nc3 29. Bd2 Ne4 30. Bb4 Be8 31. a4 Bc6 32. Bf1 Bb7 33. Be2 Kf7 34. Ba5 Ke6 35. Bb6 g6 36. Bd4 Nf6 37. b4 h5 38. gxh5 gxh5 39. a5 h4 40. Kh2 Kf5 41. Bd3+ Kg5 42. b5 axb5 43. Bxb5 Ng4+ 44. Kg2 Kf5 45. a6 Ba8 46. Bd7+ Kg5 47. Bc8 1-0


[Site "https://www.chess.com"]

[Event "Titled Tuesday Blitz June 21 Late 2022"]
[White "Adewumi, Tanitoluwa"]
[Black "Oro, Luis"]
[WhiteFideId "30966396"]
[BlackFideId "104094"]
[WhiteElo "2538"]
[BlackElo "2357"]
[Result "0-1"]
[Round "02"]
[TimeControl "180+1"]
[Date "2022.06.22"]
[WhiteClock "0:00:03"]
[BlackClock "0:00:58"]

1. e4 e5 2. Nf3 Nc6 3. Bc4 Bc5 4. d3 Nf6 5. O-O h6 6. Re1 O-O 7. c3 d6 8. h3 a6 9. a4 Be6 10. Bxe6 fxe6 11. b4 Bb6 12. Be3 Bxe3 13. Rxe3 Re8 14. Nbd2 d5 15. Qc2 d4 16. Ree1 Nh5 17. b5 dxc3 18. Qxc3 Nd4 19. bxa6 Rxa6 20. Nxe5 Nf4 21. Kh1 Qg5 22. Ng4 e5 23. Qxc7 Rc6 24. Qd7 Rd8 25. Qxb7 Nxd3 26. Re3 Nxf2+ 27. Kg1 Nxg4 28. Rg3 Qxd2 29. Rxg4 Rc1+ 30. Rxc1 Qxc1+ 31. Kh2 Ne6 32. Qe7 Qc6 33. Rg6 Re8 0-1


[Site "https://www.chess.com"]

[Event "Titled Tuesday Blitz June 21 Late 2022"]
[White "Adla, Diego"]
[Black "Le, Tuan Minh"]
[WhiteFideId "100072"]
[BlackFideId "12401153"]
[WhiteElo "2377"]
[BlackElo "2530"]
[Result "0-1"]
[Round "02"]
[TimeControl "180+1"]
[Date "2022.06.21"]
[WhiteClock "0:00:07"]
[BlackClock "0:00:24"]

1. e4 c5 2. Nf3 Nf6 3. e5 Nd5 4. Nc3 e6 5. Nxd5 exd5 6. d4 Nc6 7. dxc5 Bxc5 8. Bd3 d6 9. exd6 O-O 10. O-O Qxd6 11. Re1 h6 12. Be3 d4 13. Bd2 Bb6 14. h3 Bd7 15. Qb1 Rfe8 16. b4 Bc7 17. Kh1 Qf6 18. Be4 Bxh3 19. Qb3 Be6 20. Qd3 Rad8 21. Kg1 Bc8 22. Re2 Ne5 23. Nxe5 Rxe5 24. f4 Re7 25. Rf1 Rde8 26. Bf3 Bf5 27. Rxe7 Rxe7 28. Qb3 d3 29. c4 Qd4+ 30. Kh1 Bxf4 31. Bc3 Qd6 32. c5 Qg6 33. Qc4 Qg3 0-1


[Site "https://www.chess.com"]

[Event "Titled Tuesday Blitz June 21 Late 2022"]
[White "Aksu, Vedat Ali"]
[Black "Ladan, Nicholas"]
[WhiteFideId "6304320"]
[BlackFideId "30918855"]
[WhiteElo "2301"]
[BlackElo "2167"]
[Result "0-1"]
[Round "02"]
[TimeControl "180+1"]
[Date "2022.06.22"]
[WhiteClock "0:00:13"]
[BlackClock "0:01:10"]

1. Nf3 d5 2. e3 c5 3. c4 d4 4. b4 cxb4 5. Nxd4 e5 6. Nf3 Nc6 7. Bb2 Bd6 8. Qc2 Nf6 9. d3 O-O 10. Nbd2 Bf5 11. Ne4 Nxe4 12. dxe4 Be6 13. O-O-O Qc7 14. Kb1 a5 15. Ng5 Bc8 16. f4 a4 17. c5 Be7 18. h4 b3 19. axb3 axb3 20. Qxb3 Bxc5 21. Bc4 Na5 22. Bxf7+ Qxf7 23. Qxf7+ Rxf7 24. Nxf7 Kxf7 25. Bxe5 Nc4 26. Bd4 Be7 27. f5 b5 28. g4 Bb7 29. Bc3 Bxe4+ 0-1


[Site "https://www.chess.com"]

[Event "Titled Tuesday Blitz June 21 Late 2022"]
[White "Aldokhin, Ivan"]
[Black "Ivic, Velimir"]
[WhiteFideId "24115720"]
[BlackFideId "950122"]
[WhiteElo "2231"]
[BlackElo "2610"]
[Result "0-1"]
[Round "02"]
[TimeControl "180+1"]
[Date "2022.06.21"]
[WhiteClock "0:00:01"]
[BlackClock "0:00:35"]

1. d4 Nf6 2. c4 g6 3. Nc3 Bg7 4. e4 d6 5. Nf3 O-O 6. h3 e5 7. d5 Nh5 8. g3 f5 9. exf5 gxf5 10. Ng5 Qe8 11. c5 Na6 12. Bb5 Qg6 13. Be2 Nf6 14. cxd6 cxd6 15. Ne6 Bxe6 16. dxe6 Nc5 17. e7 Rfe8 18. Qxd6 Rac8 19. Bb5 f4 20. Bxe8 Nd3+ 21. Kf1 Rxe8 22. gxf4 exf4 23. Nd5 Qe4 24. Nxf6+ Bxf6 25. Rg1+ Kf7 26. Bd2 Rxe7 27. Re1 Nxe1 28. Bxe1 f3 29. Qd2 Qc4+ 0-1


[Site "https://www.chess.com"]

[Event "Titled Tuesday Blitz June 21 Late 2022"]
[White "Alexiadis, Hristos"]
[Black "Shapiro, Daniel"]
[WhiteFideId "4249623"]
[BlackFideId "2001780"]
[WhiteElo "2416"]
[BlackElo "2256"]
[Result "0-1"]
[Round "02"]
[TimeControl "180+1"]
[Date "2022.06.22"]
[WhiteClock "0:02:05"]
[BlackClock "0:00:53"]

1. e4 c5 2. Nf3 e6 3. d3 Nc6 4. g3 g6 5. Bg5 f6 6. Be3 b6 7. Bg2 Bb7 8. O-O Bg7 9. d4 cxd4 10. Nxd4 a6 11. Nc3 Nge7 12. Nb3 Qc7 13. a4 O-O 14. Re1 Ne5 15. a5 b5 16. Bc5 Rf7 17. Bd6 Qc8 18. Qe2 Nc4 19. Nc5 Nxd6 20. b4 Nc6 21. Nxb7 Nxb7 22. Na2 Ne5 23. Rad1 Qc4 24. Qd2 Qxa2 25. f4 Nc4 26. Qe2 Qb2 27. e5 Rb8 28. Rd3 Qxb4 29. Red1 Nc5 30. c3 Qxa5 31. Rd4 Qb6 0-1


[Site "https://www.chess.com"]

[Event "Titled Tuesday Blitz June 21 Late 2022"]
[White "Al-Tarboush, Ward"]
[Black "Romero Ruscalleda, Josep"]
[WhiteFideId "7601450"]
[BlackFideId "2231859"]
[WhiteElo "2249"]
[BlackElo "2377"]
[Result "1-0"]
[Round "02"]
[TimeControl "180+1"]
[Date "2022.06.22"]
[WhiteClock "0:02:25"]
[BlackClock "0:00:54"]

1. e4 g6 2. Ne2 Bg7 3. d3 d6 4. Nd2 e5 5. g3 Nf6 6. Bg2 O-O 7. O-O Nc6 8. c3 Bg4 9. f3 Bd7 10. c4 Qc8 11. f4 Bh3 12. f5 Bxg2 13. Kxg2 Nd4 14. Nxd4 exd4 15. Nf3 c5 16. Bf4 Qd7 17. Qd2 Rae8 18. Rae1 gxf5 19. exf5 Rxe1 20. Rxe1 Qxf5 21. Bxd6 Rd8 22. Re5 Qd7 23. Bxc5 Ng4 24. Rg5 Ne3+ 25. Kg1 Qh3 26. Qf2 Ng4 27. Qg2 Qxg2+ 28. Kxg2 Ne3+ 29. Kf2 h6 30. Rxg7+ Kxg7 31. Bxd4+ f6 32. Kxe3 b6 33. Bc3 Kf7 34. d4 Ke6 35. d5+ Kf5 36. Nd4+ Kg6 37. Ne6 Rd7 38. Nf8+ 1-0


[Site "https://www.chess.com"]

[Event "Titled Tuesday Blitz June 21 Late 2022"]
[White "Altman, Joshua"]
[Black "Tang, Zoey"]
[WhiteFideId "426210"]
[BlackFideId "30952530"]
[WhiteElo "1945"]
[BlackElo "1636"]
[Result "1-0"]
[Round "02"]
[TimeControl "180+1"]
[Date "2022.06.22"]
[WhiteClock "0:01:34"]
[BlackClock "0:00:02"]

1. d4 Nf6 2. c4 g6 3. Nc3 Bg7 4. Nf3 O-O 5. Bg5 c5 6. e3 d6 7. Be2 Nbd7 8. O-O b6 9. Qc2 Bb7 10. Rfd1 a6 11. Rac1 Bc6 12. a3 Qc8 13. b4 e6 14. Bf4 Ne8 15. d5 exd5 16. Nxd5 Bxd5 17. Rxd5 Ndf6 18. Rd2 Qc6 19. Ng5 Rd8 20. Bf3 Qc8 21. Rcd1 h6 22. Ne4 Nxe4 23. Bxe4 Qe6 24. Bd5 Qe7 25. Qxg6 Qf6 26. Qxf6 Nxf6 27. Bf3 cxb4 28. axb4 Rc8 29. Bxd6 Rfe8 30. c5 bxc5 31. bxc5 Nd7 32. Bg4 Red8 33. Be7 1-0


[Site "https://www.chess.com"]